 Dungeon Crawl Stone Soup version 0.30-a0-870-gc5d4c5acee (webtiles) character file.

Game seed: 11263990098279982546

413 cforsyth the Covered (level 6, -1/51 HPs)
             Began as a Barachi Fighter on Mar 12, 2023.
             Slain by a gnoll
             ... wielding a +0 spear
             ... led by a gnoll bouda
              (4 damage)
             ... on level 4 of the Dungeon.
             The game lasted 00:06:46 (4341 turns).

cforsyth the Covered (Barachi Fighter)              Turns: 4341, Time: 00:06:46

Health: -1/51      AC:  8    Str: 17    XL:     6   Next: 91%
Magic:  6/6        EV:  9    Int:  9    God:
Gold:   94         SH:  5    Dex: 13    Spells: 5/5 levels left

rFire   . . .      SeeInvis .    a - +0 long sword
rCold   + . .      Faith    .    c - +0 buckler
rNeg    . . .      Spirit   .    b - +0 scale mail
rPois   .          Reflect  .    (no helmet)
rElec   .          Rampage  .    (no cloak)
rCorr   .                        (no gloves)
Will    .....                    p - +0 pair of boots Stlth
                                 (no amulet)
HPRegen 0.28/turn                h - ring of protection from cold
MPRegen 0.10/turn                (no ring)

@: hasted, quick
A: amphibious, slowness 1, strong legs 1, +LOS
a: Hop


You were on level 4 of the Dungeon.
You visited 1 branch of the dungeon, and saw 4 of its levels.

You collected 94 gold pieces.

Inventory:

Hand Weapons
 a - a +0 long sword (weapon)
Armour
 b - a +0 scale mail (worn)
 c - a +0 buckler (worn)
 k - a +0 kite shield
 p - a +0 pair of boots (worn)
Jewellery
 h - a ring of protection from cold (left hand)
 s - an amulet of regeneration
Scrolls
 f - 2 scrolls of poison {unknown}
 g - 4 scrolls of teleportation {unknown}
 j - a scroll of vulnerability {unknown}
 l - 4 scrolls of identify {unknown}
 m - 2 scrolls of amnesia {unknown}
 n - a scroll of summoning {unknown}
 t - 2 scrolls of silence {unknown}
 u - a scroll of fog {unknown}
Potions
 d - 2 potions of might
 e - a potion of cancellation {unknown}
 o - a potion of heal wounds {unknown}
 q - 2 potions of curing {unknown}
 r - a potion of invisibility {unknown}
 v - a potion of flight {unknown}
 w - a potion of magic {unknown}


   Skills:
 + Level 5.4 Fighting
 + Level 4.7 Long Blades
 + Level 5.5 Armour
 + Level 5.0 Shields


You had 5 spell levels left.
You didn't know any spells.
Your spell library contained the following spells:

 Spells                   Type           Power      Damage    Failure   Level
 Sandblast                Erth           0%         2d4       85%         1
 Passwall                 Tmut/Erth      0%         N/A       94%         2
 Stone Arrow              Conj/Erth      0%         3d7       99%         3


Dungeon Overview and Level Annotations

Branches:
Dungeon (4/15)
 Temple: D:4-7

Altars:
Ashenzari
Gozag
Makhleb
Qazlal
Xom
Yredelemnul

Annotations:
D:2 1 runed translucent door, Crazy Yiuf


Innate Abilities, Weirdness & Mutations

You are amphibious.
You cover ground slowly.
You can hop short distances.
You have an extended range of vision and can be seen from far away.


Message History

You block the gnoll's attack.
The gnoll is no longer moving quickly.
The gnoll bouda barks out a call to the hunt!
The gnoll picks up the pace!
You block the gnoll's attack. The gnoll closely misses you.
The gnoll hits you but does no damage. The gnoll barely misses you.
The gnoll hits you from afar with a +0 spear.
You block the gnoll's attack.
The gnoll hits you from afar with a +0 spear.
The gnoll misses you. The gnoll barely misses you.
The gnoll is no longer moving quickly.
The gnoll hits you but does no damage.
The gnoll hits you from afar with a +0 spear.
An ogre comes into view. It is wielding a +0 giant spiked club.
The ogre shouts!
The ogre completely misses you.
You slash the ogre!
The ogre is moderately wounded.
The gnoll hits you from afar with a +0 spear.
The ogre hits you with a +0 giant spiked club.
The gnoll hits you from afar with a +0 spear.
You barely miss the ogre.
The ogre is moderately wounded.
The ogre barely misses you.
The gnoll hits you from afar with a +0 spear.
You slash the ogre!
The ogre is severely wounded.
The gnoll hits you from afar with a +0 spear.
The ogre hits you with a +0 giant spiked club!!
Ouch! That really hurt!
* * * LOW HITPOINT WARNING * * *
You feel yourself speed up.
The gnoll hits you from afar with a +0 spear.
* * * LOW HITPOINT WARNING * * *
You slash the ogre!
You kill the ogre!
The gnoll hits you from afar with a +0 spear.
You die...

##.#.#.##.##.#
#g.#####.# #..g.#
#....# #..#### ##.###
####.# #J....# #J# #.#
##.##.# # ##.## ...
#J##.##.# #.g.# ...
#.g.....# #.#.# #
...######.#### ##!#.#
#( ..#..gJg.# ...#..
.... #@###..# #######
####.###)#....# .g.# .
#........#.#.##
##.#.####.##.##......#
#.#.$....##.##.##.###
#...........##.##.#
##J###.##.##.....#.#
...# #.......###.#.#
##.# ##)...# #...#
########


You could see a gnoll bouda, a jelly and a gnoll.

Vanquished Creatures
  An ogre (D:4)
  2 scorpions (D:4)
  2 hounds
  Ijyb (D:3)
  A mummy (D:4)
  6 gnolls (D:4)
  5 adders
  2 worms
  8 orcs
  6 endoplasms
  3 giant cockroaches
  7 goblins
  7 hobgoblins
  8 jackals
  A quokka (D:4)
  4 ball pythons
  2 bats
  4 frilled lizards
  13 kobolds
  2 kobold zombies (D:4)
  2 orc zombies (D:4)
  3 rats
  A spectral hobgoblin (D:3)
  A spectral orc (D:3)
92 creatures vanquished.

Vanquished Creatures (others)
  2 fungi (D:2)
  2 plants (D:1)
4 creatures vanquished.

Grand Total: 96 creatures vanquished

Notes
Turn   | Place    | Note
-------+----------+-------------------------------------------
     0 | D:1      | cforsyth the Barachi Fighter began the quest for the Orb.
     0 | D:1      | Reached XP level 1. HP: 18/18 MP: 1/1
   130 | D:1      | Reached XP level 2. HP: 25/25 MP: 2/2
   552 | D:1      | Reached XP level 3. HP: 30/30 MP: 3/3
  1114 | D:2      | Found a shimmering altar of Xom.
  1189 | D:2      | Reached XP level 4. HP: 24/37 MP: 4/4
  1493 | D:2      | Found a runed translucent door.
  1494 | D:2      | Noticed Crazy Yiuf
  1917 | D:3      | Found a stormy altar of Qazlal.
  2218 | D:3      | Found a faded altar of an unknown god.
  2250 | D:3      | Noticed Ijyb
  2253 | D:3      | Paralysed by Ijyb for 5 turns
  2261 | D:3      | Paralysed by Ijyb for 5 turns
  2270 | D:3      | Paralysed by Ijyb for 5 turns
  2277 | D:3      | Killed Ijyb
  2278 | D:3      | Reached XP level 5. HP: 27/43 MP: 5/5
  2434 | D:3      | Found a burning altar of Makhleb.
  2585 | D:3      | Noticed a balrug
  2589 | D:3      | Noticed a neqoxec
  2589 | D:3      | Noticed an orange demon
  2671 | D:3      | Found a basalt altar of Yredelemnul.
  2776 | D:4      | Found a broken altar of Ashenzari.
  2776 | D:4      | Found an opulent altar of Gozag.
  2800 | D:3      | Reached skill level 5 in Fighting
  2800 | D:3      | Reached skill level 5 in Armour
  2800 | D:3      | Reached XP level 6. HP: 27/51 MP: 6/6
  4264 | D:4      | Reached skill level 5 in Shields
  4341 | D:4      | Slain by a gnoll

Illustrated notes

Levels and vault maps discovered:
D:1:      heliophobic_arrival_battle_scene, layout_basic, serial_forest,
          infiniplex_forest_corner_1, infiniplex_forest_lined_2,
          infiniplex_forest_end_1, infiniplex_forest_join,
          infiniplex_forest_lined_corner, infiniplex_forest_join,
          infiniplex_forest_clump_cross, infiniplex_forest_clump_double,
          infiniplex_forest_end_3, minivault_25
D:2:      layout_basic, basic_altar, uniq_crazy_yiuf_cottage
D:3:      layout_loops_cross, grunt_qazlal_clouds, makhleb_altar_promises_db,
          yredelemnul_forgotten_temple_becter,
          dreamdust_ecumenical_altar_drowned_temple, corexii_leaking_fountain,
          uniq_ijyb
D:4:      minmay_wonky_spiral, layout_loops_cross,
          chequers_temple_overflow_statue_of_worship, minmay_mini_ossuary

Skill      XL: |  1  2  3  4  5  6 |
---------------+-------------------+-----
Armour         | 4 5 |  5.5
Fighting       | 4 5 |  5.4
Long Blades    | 3 4 |  4.7
Shields        | 4 5 |  5.0

Action                     |  1- 3 |  4- 6 || total
---------------------------+-------+-------++-------
  Melee: Long sword        |   114 |   230 ||   344
Ability: Hop               |       |     1 ||     1
    Use: Potion            |       |     2 ||     2
 Armour: Scale mail        |    62 |   119 ||   181
  Dodge: Dodged            |    50 |   115 ||   165
  Block: Buckler           |    24 |    78 ||   102

Table legend: (Time is in decaauts)
 A = Elapsed time spent in this place.
 B = Non-inter-level travel time spent in this place.
 C = Inter-level travel time spent in this place.
 D = Time resting spent in this place.
 E = Time spent auto-exploring this place.
 F = Levels seen in this place.
 G = Mean time per level.
                   A        B        C        D        E       F      G
               +--------+--------+--------+--------+--------+-----+--------+
         Total |   4956 |   4877 |     79 |    624 |   3294 |   4 | 1239.0 |
       Dungeon |   4956 |   4877 |     79 |    624 |   3294 |   4 | 1239.0 |
               +--------+--------+--------+--------+--------+-----+--------+

Top non-repeatable levels by time:
     D:3: 1584 daAuts
     D:4: 1305 daAuts
     D:2: 1177 daAuts
     D:1: 889 daAuts
